 Dungeon Crawl Stone Soup version 0.21.1-1-g345015fe64 (webtiles) character file.

28 Jens78 the Insei (level 3, 0/23 HPs)
             Began as an Octopode Transmuter on June 9, 2018.
             Slain by a hound (2 damage)
             ... on level 2 of the Dungeon.
             The game lasted 00:06:39 (1083 turns).

Jens78 the Insei (Octopode Transmuter)              Turns: 1083, Time: 00:06:39

Health: 0/23       AC:  1    Str:  9    XL:     3   Next: 12%
Magic:  5/6        EV: 13    Int: 15    God:
Gold:   63         SH:  0    Dex: 13    Spells: 5/6 levels left

rFire    . . .     SeeInvis .     - Unarmed
rCold    . . .     Gourm    .   (no shield)
rNeg     . . .     Faith    .   (helmet restricted)
rPois    .         Spirit   .   (no amulet)
rElec    .         Reflect  .   (no ring)
rCorr    .         Harm     .   (no ring)
MR       .....                  (no ring)
Stlth    ++........             (no ring)
HPRegen  0.07/turn              (no ring)
MPRegen  0.10/turn              (no ring)
                                (no ring)
                                (no ring)

@: appendage
A: almost no armour, stealthy swim, amphibious, 8 rings, constrict 8, tentacle
spike 3, camouflage 1, gelatinous body 1
a: End Transformation


You were on level 2 of the Dungeon.
You were not hungry.
One of your tentacles had a temporary spike.
You visited 1 branch of the dungeon, and saw 3 of its levels.

You collected 63 gold pieces.

Inventory:

Missiles
 a - 12 arrows
 g - 3 tomahawks (quivered)
 h - 2 stones
Scrolls
 d - a scroll of teleportation {unknown}
 e - 2 scrolls of identify {unknown}
 i - a scroll of fog {unknown}
Potions
 f - a potion of curing {unknown}
 j - a potion of brilliance {unknown}
 k - a potion of agility {unknown}
 l - 2 potions of flight {unknown}
Books
 b - a book of Changes

   Spells                             Type                      Level
   a - Beastly Appendage              Transmutation                1
   b - Sticks to Snakes               Transmutation                2
   c - Spider Form                    Transmutation/Poison         3
   d - Ice Form                       Ice/Transmutation            4
   e - Blade Hands                    Transmutation                5
Comestibles
 c - 2 rations


   Skills:
 + Level 1.0 Fighting
 + Level 2.2 Dodging
 + Level 0.4 Stealth
 + Level 3.5 Unarmed Combat
 + Level 2.2 Spellcasting
 * Level 2.4 Transmutations


You had 5 spell levels left.
You knew the following spells:

 Your Spells              Type           Power        Failure   Level  Hunger
a - Beastly Appendage     Tmut           #.....       8%          1    #......


Dungeon Overview and Level Annotations

Branches:
Dungeon (3/15)

Altars:
Sif Muna
Uskayaw


Innate Abilities, Weirdness & Mutations

You cannot wear most types of armour.
You are very stealthy in the water. (Stealth+)
You are amphibious.
You can wear up to eight rings at the same time.
You can use your tentacles to constrict eight enemies at once.
Your skin changes colour to match your surroundings (Stealth+).
Your rubbery body absorbs attacks. (AC +1, EV +1)
One of your tentacles bears a large vicious spike.


Message History

The hound bites you.
You closely miss the hound. Your grab misses the hound. The hound bites you.
You tentacle-slap the hound. Your grab misses the hound.
The hound is lightly wounded.
The hound barely misses you.
You miss the hound. Your grab misses the hound.
Your tentacle spike misses the hound.
The hound is lightly wounded.
The hound bites you. The hound barely misses you.
You tentacle-slap the hound but do no damage.
You grab the hound.
The hound is lightly wounded.
You constrict the hound. The hound bites you.
* * * LOW HITPOINT WARNING * * *
A kobold comes into view. It is wielding a whip.
You release your grip on the hound.
The hound bites you.
* * * LOW HITPOINT WARNING * * *
The hound misses you. The hound bites you.
You die...

###########.# ## .. ..#
### #.# ...#..####.# #.#
#.# K......##.#
#.######.# #.#..#.##.#
#........#
#.#K.#.##.######.########
# #.............##.#
.##.#.........###.##.#.#
.........#...h@........#
..............>####.####
..<.........#.## #.#
.#.###..###.#.# #.#
...... #.#.# #.#
.......##.#.# #.#
.........##.#.# ...
.........##.#.# ...
.#...?...##.#.#


You could see a hound and a kobold (wandering).

Vanquished Creatures
  A dart slug (D:1)
  A giant cockroach (D:1)
  2 goblins (D:1)
  3 hobgoblins (D:1)
  4 jackals (D:1)
  5 bats (D:1)
  A frilled lizard (D:1)
  3 kobolds (D:1)
  3 rats (D:1)
23 creatures vanquished.

Notes
Turn   | Place    | Note
-------+----------+-------------------------------------------
     0 | D:1      | Jens78 the Octopode Transmuter began the quest for the Orb.
     0 | D:1      | Reached XP level 1. HP: 13/13 MP: 3/3
    69 | D:1      | Reached XP level 2. HP: 13/18 MP: 5/5
   275 | D:2      | Found a deep blue altar of Sif Muna.
   275 | D:2      | Found a hide-covered altar of Uskayaw.
   531 | D:1      | Reached XP level 3. HP: 23/23 MP: 4/6
  1061 | D:3      | Noticed a water moccasin
  1079 | D:2      | HP: 1/23 [hound (5)]
  1083 | D:2      | Slain by a hound

Action                   || total
-------------------------++-------
Melee: Unarmed           ||    55
       Constrict         ||    13
       Kick              ||     7
       Tentacles         ||     4
Throw: Tomahawk          ||     1
 Cast: Beastly Appendage ||    14
 Stab: Sleeping          ||     1
  Eat: Chunk             ||     1
Armor: Skin              ||     8
Dodge: Dodged            ||    41
